 Dungeon Crawl Stone Soup version 0.28-a0-723-g095bd1b44f (webtiles) character file.

Game seed: 7955708059875260955

1039 spiderkeys the Ducker (level 8, -2/48 HPs)
             Began as a Deep Elf Abyssal Knight on Oct 25, 2021.
             Was a Priest of Lugonu.
             Slain by a gnoll (8 damage)
             ... on level 5 of the Dungeon.
             The game lasted 00:08:05 (5986 turns).

spiderkeys the Ducker (Deep Elf Abyssal Knight)     Turns: 5986, Time: 00:08:06

Health: -2/48      AC:  4    Str: 12    XL:     8   Next: 4%
Magic:  13/13      EV: 15    Int: 16    God:    Lugonu [***...]
Gold:   202        SH:  0    Dex: 21    Spells: 7/7 levels left

rFire   . . .      SeeInvis .   a - +1 falchion
rCold   + . .      Faith    .   (no shield)
rNeg    . . .      Spirit   .   j - +0 leather armour {rC+}
rPois   +          Reflect  .   (no helmet)
rElec   .          Harm     .   (no cloak)
rCorr   .          Rampage  .   (no gloves)
Will    .....                   t - +0 pair of boots
Stlth   +++.......              (no amulet)
HPRegen 0.16/turn               D - +6 ring of dexterity
MPRegen 0.13/turn               P - ring of poison resistance

@: no status effects
A: talons 1
a: Renounce Religion, Depart the Abyss, Bend Space, Banish


You were on level 5 of the Dungeon.
You worshipped Lugonu.
Lugonu was most pleased with you.
You visited 1 branch of the dungeon, and saw 5 of its levels.
You visited the Abyss 1 time.

You collected 202 gold pieces.


Innate Abilities, Weirdness & Mutations

You have sharp toenails.


   Skills:
 + Level 4.2 Fighting
 + Level 4.2 Long Blades
 - Level 0.7 Armour
 + Level 5.4 Dodging
 + Level 5.2 Stealth
 + Level 4.8 Invocations


You had 7 spell levels left.
You didn't know any spells.
Your spell library contained the following spells:

 Spells                   Type           Power      Damage    Failure   Level
 Gell's Gravitas          Tloc           0%         N/A       67%         3
 Teleport Other           Tloc           0%         N/A       67%         3
 Dispersal                Tloc           0%         N/A       100%        6

Inventory:

Hand Weapons
 a - a +1 falchion (weapon)
Missiles
 d - 65 bolts
 f - 166 stones
 g - 2 atropa-tipped darts
 q - 29 arrows
 r - 22 poisoned darts
 w - 15 sling bullets
Armour
 j - a +0 leather armour of cold resistance (worn)
   (You found it on level 4 of the Abyss)
 t - a +0 pair of boots (worn)
   (You found it on level 3 of the Dungeon)
Jewellery
 D - a +6 ring of dexterity (left hand)
   (You found it on level 4 of the Dungeon)
 F - a ring of fire
   (You found it on level 1 of the Dungeon)
 N - a ring of positive energy
   (You found it on level 2 of the Dungeon)
 P - a ring of poison resistance (right hand)
   (You found it on level 4 of the Dungeon)
Wands
 e - a wand of polymorph (8)
   (You found it on level 2 of the Abyss)
 n - a wand of paralysis (14)
   (You found it on level 2 of the Dungeon)
Scrolls
 k - a scroll of enchant armour
 o - 2 scrolls of vulnerability {!r!r}
 p - 3 scrolls of amnesia
 s - a scroll of noise {!r}
 u - a scroll of teleportation {@r4}
Potions
 b - a potion of brilliance {unknown}
 c - a potion of degeneration {unknown}
 h - 7 potions of curing {@q1}
 l - a potion of attraction {unknown}
 m - 2 potions of heal wounds {unknown}
 v - 2 potions of haste {unknown}
 x - a potion of might {unknown}
Miscellaneous
 i - a tin of tremorstones (2/2)
   (You found it on level 3 of the Abyss)

Dungeon Overview and Level Annotations

Branches:
Dungeon (5/15)             Temple (0/1) D:4

Altars:
Fedhas

............####.#
###..........#...
#............#
#............#
##...........#######..
.........<............#
#####........#..#####
..........#.##..#
.##.......#.###@#
#.#####...# #)## #.
##..###gg# .
#....s#.### #
#####.....## ###...$#
#........s.#
#.#........#
#.#.....##>.


You could see a scorpion and 2 gnolls.


Message History

You slash the water moccasin zombie!
The water moccasin zombie closely misses you.
You slash the water moccasin zombie! The water moccasin zombie misses you.
The water moccasin zombie bites you. 😮 HP[-3]
You take 3 damage, and now have 24/43 hp.
You closely miss the water moccasin zombie.
The water moccasin zombie bites you but does no damage.
You hit the water moccasin zombie. The water moccasin zombie misses you.
You closely miss the water moccasin zombie.
The water moccasin zombie bites you.
* * * LOW HITPOINT WARNING * * *
The water moccasin zombie bites you but does no damage. 😨 HP[-6]
You take 6 damage, and now have 18/43 hp.
You hit the water moccasin zombie.
You destroy the water moccasin zombie!
Lugonu accepts your kill.
You have reached level 8!
You feel clever. 😨 HP[+3] MP[+1]
You now have 48 max hp (+5).
You regained 3 hp, and now have 21/48 hp.
Your mp is fully restored (13).
Key pressed, stopping explore.
Key pressed, stopping explore.
Key pressed, stopping explore.
Key pressed, stopping explore.
d - 65 bolts (gained 15)
x - a golden potion 😎 HP[+27]
Your hp is fully restored (48).
You now have 189 gold pieces (gained 16).
You now have 202 gold pieces (gained 13).
Key pressed, stopping explore.
Key pressed, stopping explore.
A gnoll comes into view. It is wielding a +0 vorpal flail.
A gnoll comes into view. It is wielding a +0 whip.
A gnoll comes into view. It is wielding a +0 halberd.
The gnoll shouts! x2
A gnoll comes into view. It is wielding a +0 halberd.
A scorpion comes into view.
Found an escape hatch in the floor.
Things that are here:
16 gold pieces; 13 bolts You completely miss the gnoll.
The gnoll hits you with a +0 vorpal flail!
The gnoll closely misses you. 😮 HP[-12]
You take 12 damage, and now have 36/48 hp.
MASSIVE DAMAGE!! (PAUSE)
The gnoll shouts! x2
The gnoll misses you. 😕 HP[+1]
Your leather armour prevents you from hitting the gnoll.
The gnoll completely misses you.
You hit the gnoll. The gnoll barely misses you.
You hit the gnoll. The gnoll closely misses you.
The gnoll hits you with a +0 vorpal flail!
* * * LOW HITPOINT WARNING * * *
😨 HP[-13]
You take 13 damage, and now have 24/48 hp.
MASSIVE DAMAGE!! (PAUSE) 😮 HP[+1]
You hit the gnoll. The gnoll barely misses you.
You hit the gnoll. The gnoll barely misses you. x2
The gnoll hits you with a +0 whip.
* * * LOW HITPOINT WARNING * * *
😨 HP[-6]
You take 6 damage, and now have 19/48 hp.
You hit the gnoll. The gnoll barely misses you. The gnoll closely misses you.
You hit the gnoll.
You kill the gnoll!
Lugonu accepts your kill. The gnoll barely misses you.
You hit the gnoll. The gnoll barely misses you.
The gnoll hits you with a +0 vorpal flail.
* * * LOW HITPOINT WARNING * * *
x2 The gnoll closely misses you. 😱 HP[-7]
You take 7 damage, and now have 12/48 hp.
You hit the gnoll. The gnoll misses you.
The gnoll hits you with a +0 vorpal flail.
* * * LOW HITPOINT WARNING * * *
x2 The gnoll closely misses you. 😱 HP[-4]
You take 4 damage, and now have 8/48 hp.
You closely miss the gnoll. The gnoll completely misses you.
The gnoll barely misses you.
The gnoll hits you from afar with a +0 halberd.
* * * LOW HITPOINT WARNING * * *
The gnoll misses you. 😱 HP[-2]
You take 2 damage, and now have 6/48 hp.
You hit the gnoll.
You kill the gnoll!
Lugonu accepts your kill. The gnoll closely misses you.
The gnoll hits you from afar with a +0 halberd!
You die...

Skill      XL: |  1  2  3  4  5  6  7 |
---------------+----------------------+-----
Long Blades    | 2 3 4 |  4.2
Stealth        | 1 2 3 4 5 |  5.2
Dodging        | 3 4 5 |  5.4
Fighting       | 3 4 |  4.2
Invocations    | 3 4 |  4.8
Armour         | |  0.7

Action                   |  1- 3 |  4- 6 |  7- 9 || total
-------------------------+-------+-------+-------++-------
Melee: Falchion          |     1 |   203 |   110 ||   314
       Kick              |       |    38 |       ||    38
Throw: Dart              |       |     6 |       ||     6
Invok: Depart the Abyss  |       |     1 |       ||     1
Evoke: Wand              |     5 |     6 |     4 ||    15
       Tin of tremorston |       |     1 |       ||     1
  Use: Scroll            |     1 |     8 |       ||     9
       Potion            |       |     1 |       ||     1
 Stab: Sleeping          |       |    14 |     2 ||    16
       Paralysed         |       |    13 |    15 ||    28
       Distracted        |       |     1 |       ||     1
Armor: Leather armour    |     1 |    25 |    17 ||    43
Dodge: Dodged            |     8 |   103 |    78 ||   189

Levels and vault maps discovered:
D:1:      dpeg_arrival_long_road, layout_loops_ring,
          dreamdust_ecumenical_altar_statues
D:2:      layout_loops_corners, small_statue_intersection
D:3:      layout_loops_ring, small_statue_intersection, uniq_sigmund
D:4:      layout_cave_pools, fedhas_altar_4, temple_fountains, uniq_edmund,
          uniq_grinder
D:5:      layout_rooms, lemuel_round_altar

Notes
Turn   | Place    | Note
-------+----------+-------------------------------------------
     0 | Abyss:1  | spiderkeys the Deep Elf Abyssal Knight began the quest for
                  | the Orb.
     0 | Abyss:1  | Reached XP level 1. HP: 13/13 MP: 4/4
     0 | Abyss:1  | magus.rc [v1.9.10]
   167 | Abyss:2  | Found a corrupted altar of Lugonu.
   181 | Abyss:2  | Noticed a quasit
   195 | Abyss:2  | Killed a quasit
   196 | Abyss:2  | Reached skill level 2 in Long Blades
   196 | Abyss:2  | Reached skill level 1 in Stealth
   196 | Abyss:2  | Reached XP level 2. HP: 12/18 MP: 5/5
   196 | Abyss:2  | Reached XP level 3. HP: 14/22 MP: 6/6
   205 | Abyss:2  | Noticed a small abomination
   208 | Abyss:2  | Noticed an ancient zyme
   209 | Abyss:2  | Killed a small abomination
   210 | Abyss:2  | Reached skill level 3 in Dodging
   210 | Abyss:2  | Reached skill level 2 in Stealth
   210 | Abyss:2  | Reached XP level 4. HP: 19/27 MP: 6/8
   281 | Abyss:4  | Noticed a neqoxec
   291 | Abyss:4  | Noticed a ynoxinul
   293 | Abyss:4  | Gained mutation: You have sharp toenails. [potion of
                  | mutation]
   294 | D:1      | You pass through the gate.
   294 | D:1      | Escaped the Abyss
   531 | D:1      | Reached * piety under Lugonu
   533 | D:1      | Reached skill level 3 in Fighting
   628 | D:1      | Reached skill level 3 in Invocations
  1073 | D:1      | Reached XP level 5. HP: 27/32 MP: 9/9
  1320 | D:1      | Found a faded altar of an unknown god.
  1471 | D:2      | HP: 7/32 [hound (2)]
  2151 | D:2      | Reached skill level 3 in Stealth
  2355 | D:2      | Reached ** piety under Lugonu
  2878 | D:3      | Noticed Sigmund
  2892 | D:3      | Killed Sigmund
  2893 | D:3      | Reached skill level 3 in Long Blades
  2893 | D:3      | Reached skill level 4 in Dodging
  2893 | D:3      | Reached XP level 6. HP: 31/37 MP: 10/10
  4481 | D:4      | Noticed Edmund
  4501 | D:4      | Killed Edmund
  4502 | D:4      | Reached skill level 4 in Stealth
  4502 | D:4      | Reached skill level 4 in Invocations
  4502 | D:4      | Reached XP level 7. HP: 42/42 MP: 10/12
  4528 | D:4      | Found a staircase to the Ecumenical Temple.
  4782 | D:4      | Noticed Grinder
  4801 | D:4      | Killed Grinder
  4802 | D:4      | Reached skill level 4 in Fighting
  4802 | D:4      | Reached skill level 5 in Dodging
  4907 | D:4      | Reached skill level 4 in Long Blades
  4907 | D:4      | Reached skill level 5 in Stealth
  5290 | D:4      | Reached *** piety under Lugonu
  5537 | D:4      | You add the spells Gell's Gravitas, Teleport Other and
                  | Dispersal to your library.
  5652 | D:4      | Found a blossoming altar of Fedhas.
  5685 | D:5      | Entered Level 5 of the Dungeon
  5762 | D:5      | Reached XP level 8. HP: 21/48 MP: 13/13
  5983 | D:5      | HP: 12/48 [gnoll (2)]
  5986 | D:5      | Slain by a gnoll

Vanquished Creatures
  Grinder (D:4)
  Sigmund (D:3)
  Edmund (D:4)
  An ogre (D:4)
  A small abomination (Abyss:2)
  A scorpion (D:4)
  A water moccasin zombie (D:5)
  A quasit (Abyss:2)
  An orc priest (D:3)
  A hound (D:2)
  A howler monkey skeleton (D:4)
  8 adders
  5 gnolls
  An adder skeleton (D:4)
  5 dart slugs
  2 worms (D:4)
  11 orcs
  9 endoplasms
  A giant cockroach (D:1)
  10 goblins
  8 hobgoblins
  3 quokkas
  6 ball pythons
  4 bats
  3 frilled lizards
  9 kobolds
  3 rats (D:3)
99 creatures vanquished.

Table legend:
 A = Non-vault XP
 B = Vault XP
 C = Vault XP percentage of total XP
 D = Non-vault monster count
 E = Vault monster count
 F = Vault count percentage of total count
                 A         B        C        D         E       F
            +---------+---------+-------+---------+---------+-------
      Total |     872 |     627 |  41.8 |      96 |       3 |   3.0
            +---------+---------+-------+---------+---------+-------
        D:1 |      47 |       0 |   0.0 |      26 |       0 |   0.0
        D:2 |     102 |       0 |   0.0 |      19 |       0 |   0.0
        D:3 |     133 |     220 |  62.3 |      26 |       1 |   3.7
        D:4 |     320 |     407 |  56.0 |      19 |       2 |   9.5
        D:5 |     114 |       0 |   0.0 |       4 |       0 |   0.0
    Abyss:2 |     156 |       0 |   0.0 |       2 |       0 |   0.0
            +---------+---------+-------+---------+---------+-------

Illustrated notes

Table legend:
 A = Kills in this place as a percentage of kills in entire the game.
 B = Kills by you in this place as a percentage of kills by you in the entire game.
 C = Kills by friends in this place as a percentage of kills by friends in the entire game.
 D = Other kills in this place as a percentage of other kills in the entire game.
 E = Experience gained in this place as a percentage of experience gained in the entire game.
 F = Experience gained in this place divided by the number of levels of this place that you have seen.
                   A       B       C       D       E      F
               +-------+-------+-------+-------+-------+----------------------
         Total | 100.0 | 100.0 |   N/A |   N/A | 100.0 | 166.6
       Dungeon |  98.0 |  98.0 |   N/A |   N/A |  89.6 | 268.6
         Abyss |   2.0 |   2.0 |   N/A |   N/A |  10.4 |  39.0
               +-------+-------+-------+-------+-------+----------------------

Table legend: (Time is in decaauts)
 A = Elapsed time spent in this place.
 B = Non-inter-level travel time spent in this place.
 C = Inter-level travel time spent in this place.
 D = Time resting spent in this place.
 E = Time spent auto-exploring this place.
 F = Levels seen in this place.
 G = Mean time per level.
                   A        B        C        D        E       F      G
               +--------+--------+--------+--------+--------+-----+--------+
         Total |   6025 |   5922 |    103 |    516 |   4473 |   9 |  669.4 |
       Dungeon |   5732 |   5629 |    103 |    506 |   4303 |   5 | 1146.4 |
         Abyss |    293 |    293 |      0 |     10 |    170 |   4 |   73.2 |
               +--------+--------+--------+--------+--------+-----+--------+

Top non-repeatable levels by time:
     D:2: 1614 daAuts
     D:3: 1488 daAuts
     D:1: 1177 daAuts
     D:4: 1148 daAuts
     D:5: 303 daAuts
 Abyss:1: 164 daAuts
 Abyss:2: 52 daAuts
 Abyss:3: 48 daAuts
 Abyss:4: 28 daAuts
